 Dungeon Crawl Stone Soup version 0.30-a0-613-gdd512c7efb (webtiles) character file.

Game seed: 7704385684114013811

1331 wormed the Slasher (level 8, -19/68 HPs)
             Began as a Ghoul Gladiator on Jan 9, 2023.
             Killed by an exploding orc wizard (25 damage)
             ... ignited by their inner flame
             ... on level 7 of the Dungeon.
             The game lasted 00:07:34 (5044 turns).

wormed the Slasher (Ghoul Gladiator)                Turns: 5044, Time: 00:07:34

Health: -19/68     AC: 11    Str: 18    XL:     8   Next: 60%
Magic:  7/7        EV: 14    Int:  3    God:
Gold:   283        SH:  0    Dex: 18    Spells: 7/7 levels left

rFire   . . .      SeeInvis +    a - +1 long sword
rCold   + + .      Faith    .    (no shield)
rNeg    + + +      Spirit   .    i - +3 leather armour {rC+}
rPois   ∞          Reflect  .    c - +1 helmet
rElec   .          Harm     .    p - +1 cloak {rCorr}
rCorr   +          Rampage  .    (no gloves)
Will    .....                    k - +0 pair of boots
Stlth   +                        (no amulet)
HPRegen 0.00/turn                o - +6 ring of dexterity
MPRegen 0.10/turn                u - ring of see invisible

@: weak-willed, inhibited regen
A: claws 1, cold resistance 1, negative energy resistance 3, inhibited
regeneration, torment resistance 2, devour on kill
a: no special abilities


You were on level 7 of the Dungeon.
You visited 1 branch of the dungeon, and saw 7 of its levels.

You collected 283 gold pieces.

Inventory:

Hand Weapons
 a - a +1 long sword (weapon)
Missiles
 d - 6 poisoned darts
 e - a javelin
 y - 4 atropa-tipped darts (quivered)
Armour
 c - a +1 helmet (worn)
 i - a +3 leather armour of cold resistance (worn)
 k - a +0 pair of boots (worn)
 p - a +1 cloak of preservation (worn)
Jewellery
 o - a +6 ring of dexterity (left claw)
 q - an amulet of magic regeneration
 u - a ring of see invisible (right claw)
Wands
 b - a wand of charming (16)
 w - a wand of light (9)
Scrolls
 f - a scroll of poison
 s - a scroll of identify
Potions
 g - a potion of haste {unknown}
 h - 3 potions of curing
 j - a potion of ambrosia {unknown}
 l - 2 potions of lignification {unknown}
 n - 3 potions of brilliance {unknown}
 t - a potion of cancellation {unknown}
 z - a potion of degeneration {unknown}


   Skills:
 + Level 5.0 Fighting
 * Level 6.0 Long Blades
 + Level 4.1 Throwing
 + Level 3.4 Armour
 + Level 4.5 Dodging


You had 7 spell levels left.
You didn't know any spells.
Your spell library contained the following spells:

 Spells                   Type           Power      Damage    Failure   Level
 Magic Dart               Conj           0%         1d3       58%         1
 Call Imp                 Summ           0%         N/A       73%         2
 Static Discharge         Conj/Air       0%         2-2/arc   73%         2
 Mephitic Cloud           Conj/Pois/Air  0%         N/A       91%         3
 Fireball                 Conj/Fire      0%         3d3       100%        5
 Fire Storm               Conj/Fire      0%         5d1       100%        9


Dungeon Overview and Level Annotations

Branches:
Dungeon (7/15)             Temple (0/1) D:7

Altars:
Ashenzari
Okawaru
Trog
Vehumet

Shops:
D:1 :


Innate Abilities, Weirdness & Mutations

You are immune to poison.
You have sharp fingernails.
Your flesh is cold resistant. (rC+)
You are immune to negative energy. (rN+++)
You do not regenerate when monsters are visible.
You are immune to unholy pain and torment.
You thrive by killing the living.


Message History

You completely miss the kobold.
The orc wizard hits you but does no damage.
The kobold completely misses you. The kobold barely misses you.
The kobold misses you.
The kobold brigand hits you with a +0 short sword.
The orc hits you with a +0 dagger.
The orc warrior hits you with a +0 scimitar.
* * * LOW HITPOINT WARNING * * *
The orc hits you with a +0 flail.
* * * LOW HITPOINT WARNING * * *
You closely miss the kobold. The kobold hits you but does no damage.
The kobold closely misses you. The kobold barely misses you.
The kobold brigand hits you with a +0 short sword.
* * * LOW HITPOINT WARNING * * *
The orc warrior closely misses you. The orc hits you with a +0 flail.
* * * LOW HITPOINT WARNING * * *
You completely miss the kobold. The orc hits you with a +0 flail.
* * * LOW HITPOINT WARNING * * *
The orc warrior closely misses you.
A sky beast comes into view.
The kobold misses you. The kobold completely misses you.
The kobold hits you but does no damage.
The kobold brigand hits you with a +0 short sword.
* * * LOW HITPOINT WARNING * * *
The orc completely misses you. The orc wizard barely misses you.
The orc barely misses you. The kobold brigand closely misses you.
The orc barely misses you. The kobold closely misses you.
The kobold hits you but does no damage. x2
The orc warrior hits you with a +0 scimitar.
* * * LOW HITPOINT WARNING * * *
The sky beast moves out of view.
You slash the orc wizard!
Flame seeps out of the orc wizard.
The orc wizard is severely wounded.
The orc wizard is engulfed in blazing flames.
The orc wizard explodes!
The fiery explosion engulfs the kobold!! x2
The fiery explosion engulfs the orc!!
The fiery explosion engulfs the kobold!! x2
The fiery explosion engulfs you!!
You die...

,,,,,,,,**,*******,,,*
,,,,,*,.#....###.#...#*
,,,,,*................*
.....##.#............,*
........#..........##**
....................#
o.........#....§§§..#
.o...K.........)○§.#*
..K.##...#....o§@o.#
....#..o.......KKo.#
,#....#.........K..#
*###.........##..###
*#.......#########
*#..####.# ....*#...#**
....*#....,*
#...#....##*


You could see an orc warrior (inner flame, weak-willed), a kobold brigand (inner
flame, weak-willed), 2 orcs and 2 kobolds.

Vanquished Creatures
  Edmund (D:4)
  Duvessa (D:5)
  An ice beast (D:6)
  2 sky beasts (D:6)
  An ogre (D:5)
  Blork the orc (D:5)
  Dowan (D:5)
  A howler monkey (D:6)
  A crimson imp (D:3)
  3 hounds
  A jelly (D:2)
  2 orc priests (D:6)
  Crazy Yiuf (D:2)
  An iguana (D:6)
  Terence (D:2)
  2 orc wizards
  Natasha (D:4)
  10 gnolls
  4 adders
  An ufetubus (D:4)
  An adder skeleton (D:3)
  A worm (D:3)
  3 dart slugs
  16 orcs
  7 endoplasms
  3 giant cockroaches
  12 goblins
  6 hobgoblins
  2 quokkas
  6 ball pythons
  6 bats
  3 frilled lizards (D:3)
  A goblin skeleton (D:3)
  A goblin zombie (D:3)
  14 kobolds
  2 kobold skeletons (D:3)
  2 kobold zombies (D:3)
  An orc skeleton (D:3)
  2 orc zombies (D:3)
  5 rats
131 creatures vanquished.

Notes
Turn   | Place    | Note
-------+----------+-------------------------------------------
     0 | D:1      | wormed the Ghoul Gladiator began the quest for the Orb.
     0 | D:1      | Reached XP level 1. HP: 17/17 MP: 0/0
   101 | D:1      | Found Fimorous's Book Shoppe.
   117 | D:1      | Reached XP level 2. HP: 24/24 MP: 1/1
   181 | D:1      | Reached skill level 3 in Long Blades
   231 | D:1      | Reached XP level 3. HP: 22/30 MP: 2/2
   749 | D:2      | Reached skill level 1 in Armour
   749 | D:2      | Reached XP level 4. HP: 15/37 MP: 3/3
   840 | D:2      | Found a faded altar of an unknown god.
  1053 | D:2      | Found a runed translucent door.
  1054 | D:2      | Noticed Crazy Yiuf
  1268 | D:2      | Reached XP level 5. HP: 45/45 MP: 4/4
  1368 | D:2      | Noticed Terence
  1375 | D:2      | Killed Terence
  1859 | D:2      | Killed Crazy Yiuf
  2143 | D:3      | Reached skill level 4 in Long Blades
  2143 | D:3      | Reached XP level 6. HP: 49/51 MP: 5/5
  3072 | D:4      | Found a bloodstained altar of Trog.
  3400 | D:4      | Noticed Natasha
  3407 | D:4      | Killed Natasha
  3425 | D:4      | Found a radiant altar of Vehumet.
  3476 | D:4      | Noticed Edmund
  3504 | D:4      | Killed Edmund
  3505 | D:4      | Reached XP level 7. HP: 24/58 MP: 6/6
  3928 | D:5      | Entered Level 5 of the Dungeon
  3929 | D:5      | Noticed Blork the orc
  3949 | D:5      | Killed Blork the orc
  3954 | D:5      | Reached skill level 5 in Long Blades
  4007 | D:5      | Found an iron altar of Okawaru.
  4008 | D:5      | Noticed Dowan
  4010 | D:5      | Noticed Duvessa
  4040 | D:5      | Killed Duvessa
  4045 | D:5      | Killed Dowan
  4291 | D:6      | Reached XP level 8. HP: 67/67 MP: 7/7
  4617 | D:6      | Got Vehumet's Almanac of Conflict
  4641 | D:6      | Found a broken altar of Ashenzari.
  4911 | D:6      | Reached skill level 5 in Fighting
  4925 | D:6      | Reached skill level 6 in Long Blades
  5044 | D:7      | Killed by an exploding orc wizard... ignited by their inner
                  | flame

Illustrated notes

Levels and vault maps discovered:
D:1:      dpeg_arrival_pond, layout_loops_ring, serial_shops,
          nicolae_diamond_shop, skrybe_limestone_x,
          chequers_serial_rivers_room_a, minmay_tetromino_o4
D:2:      layout_basic, hellmonk_ecumenical_altar_lost_god,
          kennysheep_generic_room_16, uniq_crazy_yiuf_cottage, uniq_terence
D:3:      layout_basic, nicolae_tso_besieged_by_evil, serial_undead,
          serial_undead_a, serial_undead_b, serial_undead_c, serial_undead_b,
          minmay_misc_feat_diagonals, grunt_decor_cap
D:4:      layout_loops_ring, lemuel_doored_altar, trog_hazing_becter,
          uniq_edmund, uniq_natasha
D:5:      layout_cave_pools, okawaru_metal_pillars_1_2, uniq_ijyb, uniq_duvessa,
          uniq_menkaure, uniq_blork_the_orc
D:6:      layout_loops_cross, kennysheep_mini
D:7:      layout_cave_pools, general_overflow_altar, zin_statuary,
          minmay_temple_entry_waves, enter_ossuary_2

Skill      XL: |  1  2  3  4  5  6  7  8 |
---------------+-------------------------+-----
Long Blades    | 3 4 5 6 |  6.0
Throwing       | 2 3 4 |  4.1
Armour         | 1 2 3 |  3.4
Dodging        | 3 4 |  4.5
Fighting       | 3 4 5 |  5.0

Action                   |  1- 3 |  4- 6 |  7- 9 || total
-------------------------+-------+-------+-------++-------
Melee: Long sword        |    80 |   212 |   178 ||   470
       Punch             |       |     1 |     6 ||     7
Throw: Throwing net      |       |     7 |     5 ||    12
       Dart              |       |       |     5 ||     5
       Javelin           |       |       |     1 ||     1
  Use: Scroll            |       |     4 |     5 ||     9
       Potion            |       |       |     1 ||     1
 Stab: Held in net/web   |       |     2 |     2 ||     4
       Invisible         |       |       |     2 ||     2
Armor: Leather armour    |    57 |   125 |    79 ||   261
Dodge: Dodged            |    63 |   176 |   203 ||   442

Table legend: (Time is in decaauts)
 A = Elapsed time spent in this place.
 B = Non-inter-level travel time spent in this place.
 C = Inter-level travel time spent in this place.
 D = Time resting spent in this place.
 E = Time spent auto-exploring this place.
 F = Levels seen in this place.
 G = Mean time per level.
                   A        B        C        D        E       F      G
               +--------+--------+--------+--------+--------+-----+--------+
         Total |   5135 |   4911 |    224 |    102 |   3649 |   7 |  733.6 |
       Dungeon |   5135 |   4911 |    224 |    102 |   3649 |   7 |  733.6 |
               +--------+--------+--------+--------+--------+-----+--------+

Top non-repeatable levels by time:
     D:2: 1390 daAuts
     D:4: 1078 daAuts
     D:6: 780 daAuts
     D:3: 775 daAuts
     D:1: 753 daAuts
     D:5: 308 daAuts
     D:7: 47 daAuts
